 Dungeon Crawl Stone Soup version 0.25-a0-164-gb55e97dba5 (webtiles) character file.

Game seed: 11350345998970791875, levelgen mode: deterministic

7 Leeroy the Conjurer (level 1, 0/14 HPs)
             Began as a Draconian Conjurer on Nov 22, 2019.
             Slain by a leopard gecko (3 damage)
             ... on level 1 of the Dungeon.
             The game lasted 00:00:29 (111 turns).

Leeroy the Conjurer (Draconian Conjurer)             Turns: 111, Time: 00:00:30

Health: 0/14       AC:  4    Str: 10    XL:     1   Next: 91%
Magic:  1/3        EV: 12    Int: 15    God:
Gold:   11         SH:  0    Dex: 11    Spells: 3/4 levels left

rFire    . . .     SeeInvis .   (no weapon)
rCold    . . .     Gourm    .   (no shield)
rNeg     . . .     Faith    .   (armour unavailable)
rPois    .         Spirit   .   (helmet restricted)
rElec    .         Reflect  .   (no cloak)
rCorr    .         Harm     .   (no gloves)
MR       .....                  (no boots)
Stlth    ++........             (no amulet)
HPRegen  0.04/turn              (no ring)
MPRegen  0.08/turn              (no ring)

@: no status effects
A: unfitting armour, cold-blooded, AC +4
a: no special abilities


You were on level 1 of the Dungeon.
You were not hungry.

You visited 1 branch of the dungeon, and saw 1 of its levels.

You collected 11 gold pieces.

Inventory:

Scrolls
 d - a scroll of amnesia {unknown}
Potions
 a - a potion of ambrosia {unknown}
 c - 2 potions of flight {unknown}
Comestibles
 b - 3 rations


   Skills:
 - Level 1.7 Dodging
 - Level 1.7 Stealth
 - Level 2.0 Spellcasting
 + Level 4.4 Conjurations


You had 3 spell levels left.
You knew the following spells:

 Your Spells              Type           Power        Failure   Level  Hunger
a - Magic Dart            Conj           ##..         3%          1    #......

Your spell library contained the following spells:

 Spells                   Type           Power        Failure   Level  Hunger
 Searing Ray              Conj           ##....       5%          2    ###....
 Dazzling Spray           Conj/Hex       #.....       26%         3    ###....
 Iskenderun's Mystic Bla  Conj           ##......     34%         4    #####..
 Force Lance              Conj/Tloc      #.......     65%         4    #####..
 Fulminant Prism          Conj/Hex       #.........   65%         4    #####..


Dungeon Overview and Level Annotations

Branches:
Dungeon (1/15)

Altars:


Innate Abilities, Weirdness & Mutations

Your plain brown scales are hard. (AC +4)
You cannot fit into any form of body armour.
You are cold-blooded and may be slowed by cold attacks.


Message History

The leopard gecko closely misses you. The rat bites you.
You miss the leopard gecko.
The leopard gecko is severely wounded.
The leopard gecko closely misses you. The rat barely misses you.
You closely miss the leopard gecko.
The leopard gecko is severely wounded.
The leopard gecko bites you. The rat bites you but does no damage.
You hit the leopard gecko.
The leopard gecko is almost dead.
The leopard gecko bites you.
* * * LOW HITPOINT WARNING * * *
The rat misses you. The leopard gecko barely misses you.
You closely miss the leopard gecko.
The leopard gecko is almost dead.
The leopard gecko bites you but does no damage.
The rat closely misses you.
You hit the leopard gecko but do no damage.
The leopard gecko is almost dead.
The leopard gecko bites you.
You die...

# .....#.#.###..#.#
#.####....#.#.###..#.#
#.......†............#
....$...###.....####
#.....# #####.# #
#.†...# #.# # ####
#.#...#######.#
#..%(#l#...........#
#%.r@#l.##########
#.####..# # ...##
#.### ... ..# ##


You could see a leopard gecko and a rat.

Vanquished Creatures
  An ooze (D:1)
  A bat (D:1)
  A jackal (D:1)
3 creatures vanquished.

Notes
Turn   | Place    | Note
-------+----------+-------------------------------------------
     0 | D:1      | Leeroy the Draconian Conjurer began the quest for the Orb.
     0 | D:1      | Reached XP level 1. HP: 14/14 MP: 3/3
   111 | D:1      | Slain by a leopard gecko

Levels and vault maps discovered:
D:1:      doesnt_arrival_eight_statues, layout_basic, minmay_heptomino_l4

Action                   || total
-------------------------++-------
Melee: Unarmed           ||    20
       Tailslap          ||     3
 Cast: Magic Dart        ||     6
Armor: Skin              ||    12
Dodge: Dodged            ||    22

Table legend:
 A = Non-vault XP
 B = Vault XP
 C = Vault XP percentage of total XP
 D = Non-vault monster count
 E = Vault monster count
 F = Vault count percentage of total count
                 A         B        C        D         E       F
            +---------+---------+-------+---------+---------+-------
      Total |       9 |       2 |  18.2 |       2 |       1 |  33.3
            +---------+---------+-------+---------+---------+-------
        D:1 |       9 |       2 |  18.2 |       2 |       1 |  33.3
            +---------+---------+-------+---------+---------+-------
